[Event "Titled Tuesday Blitz April 12 Early 2022"]
[White "Gabdrakhmanov, Azat"]
[Black "Silva, Kaua Marques"]
[WhiteFideId "34189197"]
[BlackFideId "22701168"]
[WhiteElo "2694"]
[BlackElo "2538"]
[Result "1-0"]
[Round "07"]
[TimeControl "180+1"]
[Date "2022.04.13"]
[WhiteClock "0:00:08"]
[BlackClock "0:00:02"]

1. e4 c5 2. Nf3 d6 3. d4 cxd4 4. Nxd4 Nf6 5. Nc3 Nc6 6. Bg5 e6 7. Qd2 Be7 8. f4 Bd7 9. O-O-O a6 10. Nxc6 Bxc6 11. Bd3 b5 12. e5 Nd5 13. Bxe7 Nxe7 14. Be4 d5 15. Bd3 b4 16. Ne2 a5 17. Rhf1 Qb6 18. Kb1 a4 19. g4 b3 20. cxb3 axb3 21. a3 d4 22. f5 exf5 23. gxf5 Nd5 24. Rc1 Ne3 25. Rg1 Bd7 26. e6 fxe6 27. Rxg7 e5 28. Ng3 Rc8 29. Ne4 Kd8 30. f6 Bb5 31. Rxc8+ Kxc8 32. f7 Bxd3+ 33. Qxd3 Qc6 34. Qxb3 Qxe4+ 35. Ka2 Rf8 36. Rg8 Qd5 37. Rxf8+ Kd7 38. Qxd5+ Nxd5 39. Rd8+ Kxd8 40. f8=Q+ Kd7 41. Qf5+ Kd6 42. Qxh7 Nf4 43. Qf5 Kd5 44. Qd7+ Ke4 45. Qc6+ Ke3 46. a4 e4 47. a5 d3 48. Qc5+ Ke2 49. Qg5 d2 50. Qxf4 d1=Q 51. Qxe4+ Kf2 52. Qf4+ Kg2 53. Qg3+ Kh1 54. Qb3 Qd2 55. Qb6 Qd5+ 56. Ka3 Qf3+ 57. b3 Qf8+ 58. Ka4 Qf3 59. a6 Qc3 60. Qb7+ Kg1 61. a7 Qa1+ 62. Kb5 Qe5+ 63. Ka6 Qe6+ 64. Qb6+ 1-0


[Site "https://www.chess.com"]

[Event "Titled Tuesday Blitz April 12 Early 2022"]
[White "Gatterer, Florian"]
[Black "Kalavannan, Koby"]
[WhiteFideId "811688"]
[BlackFideId "425753"]
[WhiteElo "2218"]
[BlackElo "1927"]
[Result "0-1"]
[Round "07"]
[TimeControl "180+1"]
[Date "2022.04.13"]
[WhiteClock "0:00:02"]
[BlackClock "0:00:11"]

1. b3 d5 2. Nf3 c5 3. e3 Nc6 4. Bb2 Bg4 5. h3 Bh5 6. Bb5 f6 7. c4 Rc8 8. cxd5 Qxd5 9. Nc3 Qd7 10. g4 Bf7 11. d4 a6 12. Bxc6 Qxc6 13. d5 Qd7 14. Qe2 b5 15. O-O-O c4 16. e4 cxb3 17. e5 Bg6 18. e6 Qd6 19. axb3 b4 20. Rd4 bxc3 21. Rc4 cxb2+ 22. Kxb2 Rb8 23. Rhc1 Kd8 24. Qe3 Be8 25. Nd4 Qe5 26. Qc3 Bd7 27. exd7 Kxd7 28. Ka2 Ke8 29. Rc8+ Rxc8 30. Qxc8+ Kf7 31. Ne6 Nh6 0-1


[Site "https://www.chess.com"]

[Event "Titled Tuesday Blitz April 12 Early 2022"]
[White "Gharibyan, Mamikon"]
[Black "Barp, Alberto"]
[WhiteFideId "13308300"]
[BlackFideId "872555"]
[WhiteElo "2847"]
[BlackElo "2663"]
[Result "0-1"]
[Round "07"]
[TimeControl "180+1"]
[Date "2022.04.13"]
[WhiteClock "0:00:01"]
[BlackClock "0:00:32"]

1. c4 c5 2. Nc3 Nc6 3. g3 g6 4. Bg2 Bg7 5. Rb1 d6 6. a3 Bf5 7. d3 Qd7 8. Bd2 Nf6 9. b4 O-O 10. Nf3 Rac8 11. O-O Bh3 12. bxc5 Bxg2 13. Kxg2 dxc5 14. a4 b6 15. Nb5 e5 16. a5 bxa5 17. Qa4 e4 18. dxe4 Nxe4 19. Bxa5 Nd4 20. Qd1 a6 21. Nc3 Nxc3 22. Bxc3 Qc6 23. Bxd4 cxd4 24. Rc1 Rfe8 25. Qd3 a5 26. Rc2 a4 27. Ra1 Ra8 28. h4 Reb8 29. Rca2 Rb4 30. Rc1 Rb3 31. Qd1 d3 32. exd3 Rd8 33. Rd2 Bh6 34. d4 Bxd2 35. d5 Rxd5 36. cxd5 Qxc1 37. Qe2 Bh6 38. Qe8+ Bf8 39. d6 Rxf3 40. Kxf3 Qd1+ 41. Kg2 Qxd6 42. Qxa4 Qd5+ 43. Kg1 h5 44. Qf4 Qf5 45. Qxf5 gxf5 46. Kg2 Kg7 47. f3 Kf6 48. Kh3 Kg6 49. g4 f4 50. Kg2 Be7 51. Kh3 Bf6 52. g5 Bc3 53. Kg2 Be1 0-1


[Site "https://www.chess.com"]

[Event "Titled Tuesday Blitz April 12 Early 2022"]
[White "Girinath, P.D.S."]
[Black "Muradov, Soltan"]
[WhiteFideId "5000572"]
[BlackFideId "14002108"]
[WhiteElo "2369"]
[BlackElo "1854"]
[Result "0-1"]
[Round "07"]
[TimeControl "180+1"]
[Date "2022.04.13"]
[WhiteClock "0:00:01"]
[BlackClock "0:00:43"]

1. e4 e5 2. Nf3 d6 3. d4 exd4 4. Qxd4 Nc6 5. Bb5 Bd7 6. Bxc6 bxc6 7. c4 Nf6 8. Nc3 Be7 9. O-O O-O 10. h3 Be6 11. b3 c5 12. Qd3 Nd7 13. Bb2 Bf6 14. Rad1 Bxc3 15. Bxc3 f6 16. Qe3 Ne5 17. Nxe5 fxe5 18. Bxe5 Qd7 19. f4 Rae8 20. Bb2 Qc6 21. Qg3 Rf7 22. e5 dxe5 23. Bxe5 Bf5 24. Rd2 Rd7 25. Rfd1 Ree7 26. Qg5 Rxd2 27. Rxd2 Rd7 28. Re2 Qe6 29. Kh2 h6 30. Qg3 Qc6 31. Re3 g6 32. Qh4 Rd2 33. Rg3 Kf7 34. Qxh6 Qe4 35. Qg7+ Ke6 36. Qxc7 Rxa2 37. Qxc5 Rd2 38. Qxa7 Qc2 39. Qb6+ Kd7 40. Qc7+ Ke6 41. Qc6+ Ke7 42. Bf6+ Kf7 43. Bh4 Be4 44. Qf6+ Kg8 45. Rxg6+ Bxg6 46. Qg5 Qf5 47. Qh6 Qe4 0-1


[Site "https://www.chess.com"]

[Event "Titled Tuesday Blitz April 12 Early 2022"]
[White "Goryachkina, Aleksandra"]
[Black "Bryakin, Mikhail"]
[WhiteFideId "4147103"]
[BlackFideId "4165314"]
[WhiteElo "2426"]
[BlackElo "2417"]
[Result "1/2-1/2"]
[Round "07"]
[TimeControl "180+1"]
[Date "2022.04.12"]
[WhiteClock "0:02:15"]
[BlackClock "0:02:44"]

1. e4 Nf6 2. e5 Nd5 3. d4 d6 4. Nf3 Bg4 5. h3 Bh5 6. Be2 e6 7. O-O Be7 8. c4 Nb6 9. exd6 cxd6 10. b3 O-O 11. Bb2 Bf6 12. Nbd2 Bg6 13. Rc1 Nc6 1/2-1/2


[Site "https://www.chess.com"]

[Event "Titled Tuesday Blitz April 12 Early 2022"]
[White "Gracia Alvarez, Gerardo Antonio"]
[Black "Weetik, Vjacheslav"]
[WhiteFideId "5109124"]
[BlackFideId "4153472"]
[WhiteElo "2139"]
[BlackElo "2469"]
[Result "0-1"]
[Round "07"]
[TimeControl "180+1"]
[Date "2022.04.13"]
[WhiteClock "0:00:01"]
[BlackClock "0:00:04"]

1. e4 c6 2. c4 d5 3. cxd5 cxd5 4. exd5 Nf6 5. Qa4+ Nbd7 6. Nc3 a6 7. Nf3 b6 8. Bc4 Bb7 9. Bb3 g6 10. O-O Bg7 11. Re1 O-O 12. Qh4 Nc5 13. Bc2 Nxd5 14. d4 Nb4 15. Bd1 Ncd3 16. Rxe7 Rb8 17. Bg5 Qd6 18. Ne5 h6 19. Nc4 hxg5 20. Nxd6 gxh4 21. Rxb7 Rxb7 22. Nxb7 Bxd4 23. Be2 Nxf2 24. Kf1 f5 25. Nd6 Ng4 26. h3 Ne3+ 27. Ke1 b5 28. Rc1 Rd8 29. a3 Nbc2+ 30. Kd2 Rxd6 31. Bd3 Bxc3+ 32. Kxc3 Nd4 33. Kd2 Nc4+ 34. Kc3 Ne5 35. Bf1 Kg7 36. Kb4 Kf6 37. Rc8 Ne6 38. Ka5 Rd2 39. a4 Rxb2 40. axb5 axb5 41. Bxb5 Kg5 42. Rg8 Nf4 43. Be8 Rxg2 0-1


[Site "https://www.chess.com"]

[Event "Titled Tuesday Blitz April 12 Early 2022"]
[White "Grandelius, Nils"]
[Black "Nogerbek, Kazybek"]
[WhiteFideId "1710400"]
[BlackFideId "13710427"]
[WhiteElo "2617"]
[BlackElo "2466"]
[Result "0-1"]
[Round "07"]
[TimeControl "180+1"]
[Date "2022.04.12"]
[WhiteClock "0:00:07"]
[BlackClock "0:00:07"]

1. Nf3 d5 2. g3 c6 3. Bg2 Bf5 4. O-O Nf6 5. c4 e6 6. cxd5 exd5 7. d3 Nbd7 8. Nc3 Be7 9. Qb3 Qb6 10. Qc2 O-O 11. e4 dxe4 12. dxe4 Bg6 13. Be3 Qc7 14. h3 Bc5 15. Bf4 Bd6 16. Bxd6 Qxd6 17. Nh4 Rfe8 18. Rad1 Qc7 19. f4 Nc5 20. Nxg6 hxg6 21. e5 Nh5 22. Kh2 g5 23. Bf3 Nxg3 24. Kxg3 gxf4+ 25. Kh2 Rxe5 26. Rg1 Rae8 27. Rg4 Re3 28. Qg2 g6 29. b4 Nd3 30. Rxd3 Rxd3 31. Rxg6+ fxg6 32. Qxg6+ Kf8 33. Qxd3 Re3 34. Qf5+ Qf7 35. Qc5+ Kg7 36. Bg4 Qf6 37. Nd1 Re7 38. Nf2 b6 39. Qc2 f3 40. Kg3 Rf7 41. Qe4 Qd6+ 42. Kh4 Qf6+ 43. Kg3 Qd6+ 44. Kh4 c5 45. bxc5 bxc5 46. Bf5 c4 47. Qg4+ Kf8 48. Bg6 Rf4 0-1


[Site "https://www.chess.com"]

[Event "Titled Tuesday Blitz April 12 Early 2022"]
[White "Gu, Xiaobing"]
[Black "Skytte, Rasmus"]
[WhiteFideId "8602611"]
[BlackFideId "1404210"]
[WhiteElo "2174"]
[BlackElo "2430"]
[Result "1-0"]
[Round "07"]
[TimeControl "180+1"]
[Date "2022.04.13"]
[WhiteClock "0:02:21"]
[BlackClock "0:02:03"]

1. e4 c6 2. d4 d5 3. exd5 cxd5 4. c4 Nf6 5. Nc3 Nc6 6. cxd5 Nxd5 7. Bc4 Be6 8. Qb3 Na5 9. Qb5+ Nc6 10. Bxd5 Bxd5 11. Qxd5 Nb4 12. Qb5+ Nc6 13. d5 Qa5 14. dxc6 Qxb5 15. Nxb5 bxc6 16. Nc7+ Kd8 17. Nxa8 Kd7 18. Be3 Ke6 19. O-O-O Kf5 20. Ne2 Ke5 21. Nc3 Ke6 22. Nc7+ Ke5 23. f4+ Kf5 24. g4+ Kxg4 25. Rhg1+ Kf3 26. Rg3# 1-0


[Site "https://www.chess.com"]

[Event "Titled Tuesday Blitz April 12 Early 2022"]
[White "Gunina, Valentina"]
[Black "Sjugirov, Sanan"]
[WhiteFideId "4167570"]
[BlackFideId "4189302"]
[WhiteElo "2381"]
[BlackElo "2602"]
[Result "0-1"]
[Round "07"]
[TimeControl "180+1"]
[Date "2022.04.12"]
[WhiteClock "0:00:38"]
[BlackClock "0:00:30"]

1. d4 Nf6 2. c4 c5 3. d5 e6 4. Nc3 exd5 5. cxd5 d6 6. Nf3 g6 7. Bf4 Bg7 8. e3 O-O 9. h3 Ne8 10. Be2 Nd7 11. O-O Ne5 12. Nxe5 dxe5 13. Bh2 Nd6 14. e4 f5 15. exf5 gxf5 16. Rc1 Bd7 17. Qd2 b6 18. f4 e4 19. Nd1 Qf6 20. Kh1 Qd4 21. Qc2 a5 22. Nc3 a4 23. Rcd1 Qb4 24. a3 Qb3 25. Qxb3 axb3 26. Rc1 b5 27. g4 b4 28. axb4 cxb4 29. Nd1 Rfc8 30. Rxc8+ Rxc8 31. gxf5 Rc2 32. Bg4 Bb5 33. Rg1 Kf8 34. f6 Bxf6 35. Be6 Be2 36. Ne3 Bf3+ 37. Ng2 Rxb2 38. f5 Ke7 0-1


[Site "https://www.chess.com"]

[Event "Titled Tuesday Blitz April 12 Early 2022"]
[White "Harshavardhan G B"]
[Black "Indjic, Aleksandar"]
[WhiteFideId "25059009"]
[BlackFideId "911925"]
[WhiteElo "1831"]
[BlackElo "2616"]
[Result "1-0"]
[Round "07"]
[TimeControl "180+1"]
[Date "2022.04.12"]
[WhiteClock "0:00:17"]
[BlackClock "0:00:15"]

1. d4 Nf6 2. c4 e6 3. Nc3 c5 4. d5 exd5 5. cxd5 d6 6. e4 g6 7. Nge2 a6 8. a4 Qe7 9. Ng3 h5 10. Bg5 h4 11. Nge2 Bg7 12. Qc2 Nbd7 13. Nc1 Rh5 14. Be3 Ng4 15. Bd2 Bd4 16. Nd1 Rxd5 17. Be2 Re5 18. Bxg4 Rxe4+ 19. Be2 Nf6 20. Ne3 h3 21. g3 Bxe3 22. Bxe3 Bf5 23. Qd2 Re6 24. O-O O-O-O 25. Nd3 Ne4 26. Qd1 g5 27. Bg4 Qf6 28. Re1 Rde8 29. Qf3 Bxg4 30. Qxg4 Qg6 31. Rad1 Rh8 32. Qe2 f5 33. f3 Nf6 34. Qd2 f4 35. Bf2 Rhe8 36. Rxe6 Rxe6 37. Nxc5 Re8 38. Nd3 Kb8 39. Qb4 Nd5 40. Qd4 Ne3 41. Re1 Rc8 42. Bxe3 fxe3 43. Qxe3 Rc2 44. Qe8+ Qxe8 45. Rxe8+ Kc7 46. Re1 Kb6 47. Nf2 Rxb2 48. Nxh3 Ka5 49. Nxg5 Kxa4 50. h4 Rc2 51. h5 Rc5 52. f4 Rc3 53. Kg2 Rc8 54. h6 b5 55. h7 b4 56. Nf7 b3 57. g4 d5 58. g5 b2 59. h8=Q Rxh8 60. Nxh8 Kb3 61. g6 a5 62. g7 b1=Q 63. Rxb1+ 1-0


[Site "https://www.chess.com"]

[Event "Titled Tuesday Blitz April 12 Early 2022"]
[White "Hnydiuk, Aleksander"]
[Black "Narayanan, Srinath"]
[WhiteFideId "1109057"]
[BlackFideId "5018420"]
[WhiteElo "2374"]
[BlackElo "2472"]
[Result "0-1"]
[Round "07"]
[TimeControl "180+1"]
[Date "2022.04.12"]
[WhiteClock "0:00:01"]
[BlackClock "0:00:05"]

1. Nf3 d5 2. d4 Nf6 3. c4 e6 4. g3 dxc4 5. Bg2 c5 6. O-O Nc6 7. dxc5 Qxd1 8. Rxd1 Bxc5 9. Nbd2 c3 10. bxc3 O-O 11. Nb3 Be7 12. c4 Bd7 13. Bb2 Rfd8 14. Nfd4 Rac8 15. Nb5 a6 16. Nd6 Bxd6 17. Rxd6 Be8 18. Rad1 Rxd6 19. Rxd6 h6 20. Nc5 Na5 21. Bxf6 gxf6 22. Nxb7 Nxc4 23. Rxa6 Ne5 24. h3 Bb5 25. Ra7 Bxe2 26. f4 Nd3 27. Nd6 Rc1+ 28. Kh2 Rc2 29. Kg1 Ne1 30. Be4 Rb2 31. Nxf7 Bf3 32. Nxh6+ Kf8 33. Bxf3 Nxf3+ 34. Kf1 Nd2+ 35. Ke1 Ne4 36. g4 Rh2 37. g5 fxg5 38. fxg5 Nxg5 39. Ng4 Rxh3 40. a4 Ra3 41. a5 Ra2 42. a6 Nf3+ 43. Kd1 Nd4 44. Ra8+ Kg7 45. Ne5 Nb5 46. Rb8 Nc3+ 47. Ke1 Rxa6 48. Rb3 Nd5 49. Rf3 Ra2 50. Rf7+ Kg8 51. Rf2 Ra1+ 52. Kd2 Ra2+ 53. Ke1 Ra4 54. Re2 Kg7 55. Rg2+ Kf6 56. Nd7+ Kf5 57. Rf2+ Kg4 58. Ne5+ Kg3 59. Rf3+ Kg2 60. Rf2+ Kg3 61. Rf3+ Kh4 62. Nd3 Kg4 63. Ne5+ Kg5 64. Nd3 Rd4 65. Kf2 Re4 66. Rg3+ Kf6 67. Rf3+ Ke7 68. Rg3 Ra4 69. Rf3 Kd6 70. Kg3 Ra3 71. Kf2 Ra2+ 72. Kg3 e5 73. Nf2 Ra4 74. Rf7 Ke6 75. Rf8 Nf6 0-1


[Site "https://www.chess.com"]

[Event "Titled Tuesday Blitz April 12 Early 2022"]
[White "Hoang, Thi Bao Tram"]
[Black "Zemlyanskii, Ivan"]
[WhiteFideId "12401102"]
[BlackFideId "24249971"]
[WhiteElo "2569"]
[BlackElo "2708"]
[Result "0-1"]
[Round "07"]
[TimeControl "180+1"]
[Date "2022.04.13"]
[WhiteClock "0:00:51"]
[BlackClock "0:01:00"]

1. Nf3 Nf6 2. g3 d5 3. Bg2 c5 4. O-O e6 5. d4 cxd4 6. Nxd4 e5 7. Nb3 Be6 8. c4 Nc6 9. cxd5 Nxd5 10. Bd2 Be7 11. Nc3 Qd7 12. Ne4 b6 13. Rc1 h6 14. Qc2 Rc8 15. Qb1 O-O 16. Rfd1 f5 17. Nc3 e4 18. Be1 Rfd8 19. f3 exf3 20. Bxf3 Nxc3 21. Bxc3 Qe8 22. e4 Qg6 23. Re1 f4 24. e5 Qg5 25. Bd2 Nxe5 26. Bg2 Rxc1 27. Bxc1 Bxb3 28. Bxf4 Bc5+ 29. Kh1 Qh5 30. Bxe5 Bd5 31. Bxd5+ Rxd5 32. Qe4 Rxe5 0-1


[Site "https://www.chess.com"]

[Event "Titled Tuesday Blitz April 12 Early 2022"]
[White "Hoffmann, Asa"]
[Black "Mikhalsky, Vladimir"]
[WhiteFideId "2001470"]
[BlackFideId "14144352"]
[WhiteElo "2117"]
[BlackElo "2301"]
[Result "1-0"]
[Round "07"]
[TimeControl "180+1"]
[Date "2022.04.13"]
[WhiteClock "0:00:16"]
[BlackClock "0:00:01"]

1. d4 Nf6 2. Bg5 Ne4 3. Bf4 g5 4. Bc1 h6 5. f3 Nf6 6. e4 c5 7. dxc5 Qa5+ 8. Nc3 Qxc5 9. Bd3 Nc6 10. Qe2 Nh5 11. Be3 Qa5 12. Qd2 Bg7 13. Nge2 Ne5 14. O-O-O a6 15. Kb1 b5 16. h4 g4 17. f4 Nxd3 18. Qxd3 b4 19. Nd5 Rb8 20. Nxe7 Nf6 21. e5 Kxe7 22. Qd6+ Kd8 23. Qxb8 Nd5 24. Bf2 Qc7 25. Qxc7+ Nxc7 26. Nd4 Bb7 27. Rhg1 Kc8 28. Nf5 Bf8 29. g3 Ne6 30. Nd6+ Bxd6 31. Rxd6 Bc6 32. Rgd1 Kc7 33. a3 bxa3 34. b3 Rb8 35. Ka2 a5 36. Kxa3 h5 37. f5 Ng7 38. Rf6 a4 39. Rxf7 axb3 40. cxb3 Ra8+ 41. Kb2 Ne8 42. e6 Nd6 43. Re7 Nxf5 44. Rexd7+ Bxd7 45. exd7 Rd8 46. Rd5 Ng7 47. Rg5 1-0


[Site "https://www.chess.com"]

[Event "Titled Tuesday Blitz April 12 Early 2022"]
[White "Ibadov, Dashgyn"]
[Black "Demin, Vladimir"]
[WhiteFideId "24107514"]
[BlackFideId "4167457"]
[WhiteElo "2138"]
[BlackElo "2402"]
[Result "1-0"]
[Round "07"]
[TimeControl "180+1"]
[Date "2022.04.13"]
[WhiteClock "0:01:38"]
[BlackClock "0:02:17"]

1. e4 Nf6 2. e5 Nd5 3. d4 d6 4. c4 Nb6 5. f4 dxe5 6. fxe5 Bf5 7. Nf3 e6 8. Be3 Bb4+ 9. Nc3 c5 10. Be2 Nc6 11. O-O O-O 12. Nb5 a6 13. Nd6 cxd4 14. Nxd4 Nxe5 15. N6xf5 exf5 16. Nxf5 Nbxc4 17. Bxc4 Nxc4 18. Qg4 1-0


[Site "https://www.chess.com"]

[Event "Titled Tuesday Blitz April 12 Early 2022"]
[White "Iljin, Timofey"]
[Black "Bintang, Rasyid A. Hidayat"]
[WhiteFideId "14110180"]
[BlackFideId "7105355"]
[WhiteElo "2396"]
[BlackElo "2398"]
[Result "1-0"]
[Round "07"]
[TimeControl "180+1"]
[Date "2022.04.13"]
[WhiteClock "0:02:12"]
[BlackClock "0:02:29"]

1. d4 d5 2. c4 Nc6 3. Nc3 Nf6 4. Nf3 Bf5 5. cxd5 Nxd5 6. Qb3 e6 7. e4 Nxc3 8. exf5 Nd5 9. fxe6 Bb4+ 10. Bd2 O-O 11. exf7+ Rxf7 12. Bc4 Re7+ 13. Kf1 Rd7 14. Bxb4 Nxb4 15. Qxb4 Kh8 16. Bxd5 Rxd5 17. Re1 a5 18. Qxb7 Rb8 19. Qc6 Rb6 20. Qxd5 Qxd5 21. Re8+ Qg8 22. Rxg8+ Kxg8 23. b3 1-0


[Site "https://www.chess.com"]

[Event "Titled Tuesday Blitz April 12 Early 2022"]
[White "Itkis, Boris"]
[Black "Petrova, Irina"]
[WhiteFideId "1209167"]
[BlackFideId "14124122"]
[WhiteElo "2207"]
[BlackElo "1993"]
[Result "1-0"]
[Round "07"]
[TimeControl "180+1"]
[Date "2022.04.13"]
[WhiteClock "0:01:48"]
[BlackClock "0:00:21"]

1. c4 d6 2. Nf3 e5 3. Nc3 f5 4. d4 e4 5. Ng5 Be7 6. Nh3 Nf6 7. Nf4 O-O 8. h4 c6 9. e3 Na6 10. h5 Nc7 11. d5 c5 12. b3 Nd7 13. Bb2 Ne5 14. Be2 Bf6 15. Qd2 Bd7 16. O-O-O a6 17. Ne6 Nxe6 18. dxe6 Bxe6 19. Qxd6 Qe8 20. Nd5 Bxd5 21. Qxd5+ Kh8 22. h6 g6 23. Qxc5 b5 24. Rd5 Nd7 25. Bxf6+ Nxf6 26. Qd4 bxc4 27. Bxc4 a5 28. Rd6 Qe7 29. a4 Rad8 30. Rd1 Rxd6 31. Qxd6 Qxd6 32. Rxd6 Ng4 33. Ra6 Nxf2 34. Rxa5 Rd8 35. Rd5 Rxd5 36. Bxd5 Ng4 37. Kd2 Nf6 38. Bc6 Ng8 39. b4 Ne7 40. b5 Kg8 41. a5 Kf8 42. a6 Nc8 43. Kc3 Ke7 44. Kb4 Kd8 45. Kc5 Kc7 46. a7 Nxa7 47. b6+ Kb8 48. bxa7+ Kxa7 49. Bd5 g5 50. Kd4 Kb6 51. Bg8 1-0


[Site "https://www.chess.com"]

[Event "Titled Tuesday Blitz April 12 Early 2022"]
[White "Janaszak, Dawid"]
[Black "Rohith Krishna S"]
[WhiteFideId "1119206"]
[BlackFideId "46617051"]
[WhiteElo "2199"]
[BlackElo "2117"]
[Result "0-1"]
[Round "07"]
[TimeControl "180+1"]
[Date "2022.04.12"]
[WhiteClock "0:00:01"]
[BlackClock "0:01:39"]

1. e4 e5 2. Nf3 Nc6 3. d4 exd4 4. Nxd4 Bc5 5. Nb3 Bb6 6. Qg4 Qf6 7. Qg3 Nge7 8. Nc3 d6 9. Bg5 Qg6 10. O-O-O h6 11. Bh4 Qxg3 12. Bxg3 O-O 13. Nd5 Nxd5 14. exd5 Ne7 15. f3 Nf5 16. Bf4 Ne3 17. Re1 Nxd5 18. Bd2 Bf5 19. Bc4 Nf6 20. g4 Bg6 21. h4 Rfe8 22. h5 Bh7 23. g5 hxg5 24. Rxe8+ Rxe8 25. h6 d5 26. Bf1 g4 27. fxg4 Nxg4 28. hxg7 Kxg7 29. Bg2 c6 30. Bc3+ f6 31. Nd4 Ne3 32. Bh3 Be4 33. Rg1+ Kf7 34. Bd7 Re7 35. Bc8 Bxd4 36. Bxd4 Nxc2 37. Bc5 Rc7 38. Bg4 b6 39. Bh5+ Ke6 40. Bf2 Rh7 41. Be8 Nb4 42. Be3 Rh2 43. a3 Na2+ 44. Kd1 Rxb2 45. Bxc6 Nc3+ 0-1


[Site "https://www.chess.com"]

[Event "Titled Tuesday Blitz April 12 Early 2022"]
[White "Jobava, Baadur"]
[Black "Oganian, Miran"]
[WhiteFideId "13601520"]
[BlackFideId "4122488"]
[WhiteElo "2617"]
[BlackElo "2357"]
[Result "1-0"]
[Round "07"]
[TimeControl "180+1"]
[Date "2022.04.12"]
[WhiteClock "0:00:30"]
[BlackClock "0:00:03"]

1. b3 Nf6 2. Bb2 g6 3. c4 Bg7 4. g3 O-O 5. Bg2 c6 6. Nf3 d5 7. O-O Nbd7 8. d3 b6 9. Nbd2 Bb7 10. Rc1 c5 11. cxd5 Bxd5 12. Rc2 Re8 13. Qa1 a5 14. a4 Qb8 15. Nc4 Qb7 16. Rd1 Rad8 17. e4 Bc6 18. Nfe5 Nxe5 19. Nxe5 Qa8 20. Nxc6 Qxc6 21. d4 Nxe4 22. Re1 f5 23. dxc5 Bxb2 24. Qxb2 bxc5 25. h4 Qf6 26. Qc1 Rd4 27. Bxe4 fxe4 28. Rxc5 Rf8 29. Rc2 Rd3 30. Rxe4 Qf3 31. Rce2 Rfd8 32. Qc4+ Kh8 33. Rxe7 Rd1+ 34. Re1 Rf8 35. Qc5 Rd2 36. Qe5+ Qf6 37. Qxf6+ Rxf6 38. Ra7 Rdxf2 39. Re8+ Rf8 40. Rxf8+ Rxf8 41. Rxa5 Rf3 42. Rb5 Rxg3+ 43. Kf2 Rh3 44. a5 Rxh4 45. Kg3 Rh1 46. b4 Kg7 47. a6 Rg1+ 48. Kf2 Ra1 49. Ra5 Rb1 50. a7 1-0


[Site "https://www.chess.com"]

[Event "Titled Tuesday Blitz April 12 Early 2022"]
[White "Jumabayev, Rinat"]
[Black "Abdusattorov, Nodirbek"]
[WhiteFideId "13702661"]
[BlackFideId "14204118"]
[WhiteElo "2561"]
[BlackElo "2663"]
[Result "0-1"]
[Round "07"]
[TimeControl "180+1"]
[Date "2022.04.12"]
[WhiteClock "0:00:07"]
[BlackClock "0:01:06"]

1. d4 Nf6 2. c4 g6 3. g3 c6 4. Bg2 d5 5. Nf3 Bg7 6. O-O O-O 7. Nbd2 Bf5 8. b3 a5 9. Ba3 Na6 10. Nh4 Be6 11. Bb2 a4 12. cxd5 Bxd5 13. e4 Be6 14. Nc4 axb3 15. axb3 Nc7 16. Re1 Rxa1 17. Qxa1 Qa8 18. Nd2 Nb5 19. Nhf3 h6 20. Bf1 Nc7 21. Ne5 Rd8 22. Nec4 Nb5 23. Qxa8 Rxa8 24. d5 cxd5 25. Nb6 Ra2 26. Bxf6 Bxf6 27. exd5 Bf5 28. Ne4 Bxe4 29. Rxe4 Nd4 30. Bg2 Ra1+ 31. Bf1 Nf3+ 32. Kg2 Nd2 33. Re2 Nxf1 34. Nd7 Rd1 35. d6 Nxg3 36. Nxf6+ exf6 37. Re8+ Kg7 38. hxg3 Rxd6 39. Re3 b5 40. Kf3 h5 41. Ke4 Re6+ 42. Kd5 Rxe3 43. fxe3 g5 0-1


[Site "https://www.chess.com"]

[Event "Titled Tuesday Blitz April 12 Early 2022"]
[White "Kaminski, Victor"]
[Black "Maksimenko, Viktor"]
[WhiteFideId "1131630"]
[BlackFideId "13710478"]
[WhiteElo "2181"]
[BlackElo "2269"]
[Result "0-1"]
[Round "07"]
[TimeControl "180+1"]
[Date "2022.04.13"]
[WhiteClock "0:00:01"]
[BlackClock "0:00:45"]

1. Nf3 d5 2. g3 Nd7 3. Bg2 e5 4. d3 c6 5. O-O Ngf6 6. c4 dxc4 7. dxc4 Bc5 8. Nc3 O-O 9. Ng5 Qc7 10. b3 Rd8 11. Qc2 h6 12. Nge4 Be7 13. Bb2 Nxe4 14. Nxe4 Nf8 15. Qc3 f5 16. Nd2 Bf6 17. e4 f4 18. Nf3 Ng6 19. Rad1 Bg4 20. h3 Bxf3 21. Bxf3 Rxd1 22. Rxd1 Rd8 23. Rd3 fxg3 24. fxg3 Be7 25. Bh5 Bc5+ 26. Kg2 Nf8 27. Rxd8 Qxd8 28. Qxe5 Qd2+ 29. Kf3 Qd1+ 30. Kf4 Qf1+ 31. Kg4 Qe2+ 32. Kf4 g5+ 33. Kf5 Qf2+ 34. Kg4 Qe2+ 35. Kf5 Qf1+ 36. Kg4 Qd1+ 37. Kf5 Qd7+ 38. Kf6 Bb6 0-1


[Site "https://www.chess.com"]

[Event "Titled Tuesday Blitz April 12 Early 2022"]
[White "Kazakouski, Valery"]
[Black "Martinez Alcantara, Jose Eduardo"]
[WhiteFideId "13507443"]
[BlackFideId "3805662"]
[WhiteElo "2524"]
[BlackElo "2690"]
[Result "1/2-1/2"]
[Round "07"]
[TimeControl "180+1"]
[Date "2022.04.12"]
[WhiteClock "0:00:29"]
[BlackClock "0:00:07"]

1. d4 Nf6 2. c4 e6 3. Nc3 Bb4 4. f3 c5 5. d5 d6 6. e4 O-O 7. Ne2 b5 8. Kf2 bxc4 9. Nf4 e5 10. Nfe2 Ne8 11. g4 f6 12. Ng3 g6 13. Bxc4 Ng7 14. Kg2 Nd7 15. Bd2 Rb8 16. Qc2 Rf7 17. h4 Nb6 18. Be2 f5 19. h5 f4 20. hxg6 hxg6 21. Rh6 fxg3 22. Rah1 Rf8 23. Rxg6 Kf7 24. Rhh6 Bxc3 25. bxc3 Rh8 26. Rxd6 Nd7 27. Kxg3 Rxh6 28. Rxh6 Rb6 29. Rh1 Ba6 30. c4 Qb8 31. Bc3 Rg6 32. Rf1 Kg8 33. Kf2 Qd8 34. Rh1 Qf6 35. Qa4 Qe7 36. Qa5 Rb6 37. Kg3 Qg5 38. Bd2 Qe7 39. Rh6 Nf6 40. Bg5 Nxe4+ 41. fxe4 Qxg5 42. Rxb6 Nh5+ 43. Kf2 axb6 44. Qxa6 Qf4+ 45. Ke1 Qc1+ 46. Kf2 Qf4+ 47. Ke1 Qc1+ 48. Kf2 Qf4+ 1/2-1/2


[Site "https://www.chess.com"]

[Event "Titled Tuesday Blitz April 12 Early 2022"]
[White "Korchmar, Vasiliy"]
[Black "Manolache, Marius"]
[WhiteFideId "24131750"]
[BlackFideId "1201530"]
[WhiteElo "2370"]
[BlackElo "2364"]
[Result "0-1"]
[Round "07"]
[TimeControl "180+1"]
[Date "2022.04.12"]
[WhiteClock "0:00:08"]
[BlackClock "0:00:47"]

1. d4 Nf6 2. Bf4 d6 3. Nc3 d5 4. e3 a6 5. Nf3 e6 6. Bd3 Nbd7 7. Ne5 Be7 8. Qf3 h6 9. O-O-O c5 10. g4 c4 11. Be2 b5 12. Nc6 Qb6 13. Nxe7 Kxe7 14. h4 Bb7 15. g5 Ne4 16. Nxe4 dxe4 17. Qg3 h5 18. f3 c3 19. fxe4 Bxe4 20. Bf3 cxb2+ 21. Kb1 Qc6 22. Bxe4 Qxe4 23. Bd6+ Ke8 24. Rhf1 Rc8 25. Qf2 f5 26. gxf6 gxf6 27. Rd3 Kf7 28. Be5 Rh6 29. Rg1 Rg8 30. Rxg8 Kxg8 31. Bf4 Rg6 32. Qe2 Rg1+ 33. Kxb2 Rg2 34. Qd1 Nb6 35. Qxh5 Qc6 36. Rc3 Na4+ 37. Kc1 Rg1+ 38. Kd2 Qxc3+ 39. Ke2 Qxc2+ 40. Kf3 Qd1+ 0-1


[Site "https://www.chess.com"]

[Event "Titled Tuesday Blitz April 12 Early 2022"]
[White "Kosteniuk, Alexandra"]
[Black "Golubeva, Oksana"]
[WhiteFideId "4128125"]
[BlackFideId "4170164"]
[WhiteElo "2469"]
[BlackElo "2162"]
[Result "1-0"]
[Round "07"]
[TimeControl "180+1"]
[Date "2022.04.13"]
[WhiteClock "0:00:17"]
[BlackClock "0:00:01"]

1. d4 Nf6 2. c4 e6 3. Nc3 Bb4 4. e3 O-O 5. Bd3 d5 6. a3 Bxc3+ 7. bxc3 dxc4 8. Bxc4 c5 9. Ne2 Qc7 10. Ba2 b6 11. Bb2 Bb7 12. O-O Be4 13. f3 Bg6 14. e4 Rd8 15. Qe1 Nc6 16. Rc1 Rd7 17. Qh4 Rad8 18. Rfd1 Na5 19. Qg3 Qc6 20. Nf4 Qb5 21. Qf2 Nc4 22. Bxc4 Qxc4 23. Qe2 Qa4 24. Qc2 Qc4 25. h4 a5 26. Nd3 Qa6 27. Ne5 Rd6 28. g4 h5 29. g5 Nd7 30. Nxg6 fxg6 31. e5 Rc6 32. d5 Rcc8 33. c4 Nf8 34. Qa4 Rb8 35. Kg2 b5 36. cxb5 Qb6 37. Qc4 Qxb5 38. Ba1 exd5 39. Qxc5 Qe2+ 40. Qf2 Qxf2+ 41. Kxf2 Ne6 42. Rc2 Rb3 43. Rc3 Rf8 44. Rxb3 Nc5 45. Re3 Rd8 46. e6 1-0


[Site "https://www.chess.com"]